cohdb
Replays
Latest Replays
All Replays
Popular Replays
Top Player Replays
Match Explorer
How It Works
Community
CoH3 Stats
Reddit
Sign in to upload your games and track your stats! →
Sign in with Steam
Match 43095789
Unlisted
Match 43095789
Overview
Messages
Build Orders
End
Vickers Machine Gun Team
Construct Section Command Post
Selects Air and Sea Battlegroup
Dingo Light Scout Car
Infantry Section
Construct Platoon Command Post
Humber Armored Car
Selects Commando Section Paradrop
Selects Commando Support Section Paradrop
Commando Section Paradrop
Selects Supply Surplus
Construct Field Infirmary
Commando Section Paradrop
Forward Retreat Point
WЇЌĭήğ§* ★assasin
[HISP] Septimus
^3
DIV 250 BigBoss
jigsaw
撒旦代言人
TEA OR STH STRONGER
那么唯一
0
0
Comments
sign in to comment!
No comments posted yet!